3AA
YAKIMA HOPS @ BELVEDERE PARK RAWHIDES
06/15/2033
 
TOP OF THE 1ST
Yakima Hops batting - Pitching for Belvedere Park Rawhides : RHP Sixto Soto
Pitching: RHP Sixto Soto
Batting: LHB Frank Brinton 0-0: Ball
1-0: Ground out 6-3 (Groundball, 6)
Batting: RHB Miracle Crimes 0-0: Foul Ball, location: 2F
0-1: Ball
1-1: Ball
2-1: Called Strike
2-2: Fly out, F4 (Line Drive, 4)
Batting: RHB Tom Woolever 0-0: Ball
1-0: Called Strike
1-1: Foul Ball, location: 2F
1-2: SINGLE (Groundball, 6M) (infield hit)
Batting: RHB Bob Houghton 0-0: Swinging Strike
0-1: Ground out 5-3 (Groundball, 56S)
Top of the 1st over - 0 runs, 1 hit, 0 errors, 1 left on base; Yakima 0 - Belvedere Park 0
BOTTOM OF THE 1ST
Belvedere Park Rawhides batting - Pitching for Yakima Hops : RHP Steve Henryson
Pitching: RHP Steve Henryson
Batting: LHB Seung-soo Ch'ae 0-0: Swinging Strike
0-1: Ball
1-1: Ground out 3-1 (Groundball, 34)
Batting: LHB Ken Gill 0-0: Foul Ball, location: 2F
0-1: Ball
1-1: SINGLE (Line Drive, 89S)
Batting: RHB Jesús Recesvinto 0-0: Called Strike
Ken Gill is caught stealing 2nd base
0-1: Ground out 3-1 (Groundball, 34S)
Bottom of the 1st over - 0 runs, 1 hit, 0 errors, 0 left on base; Yakima 0 - Belvedere Park 0
TOP OF THE 2ND
Yakima Hops batting - Pitching for Belvedere Park Rawhides : RHP Sixto Soto
Batting: LHB Wulf Paauwe 0-0: Called Strike
0-1: DOUBLE (Flyball, 89D)
Batting: RHB Juan Alcocer 0-0: Called Strike
0-1: Swinging Strike
0-2: Strikes out swinging
Batting: LHB Mo Wyndham 0-0: Ball
1-0: Ball
2-0: Foul Ball, location: 2F
2-1: Ground out 4-3 (Groundball, 4)
Wulf Paauwe to third
Batting: RHB Mikael Evangjeli 0-0: Ground out 5-3 (Groundball, 56)
Top of the 2nd over - 0 runs, 1 hit, 0 errors, 1 left on base; Yakima 0 - Belvedere Park 0
BOTTOM OF THE 2ND
Belvedere Park Rawhides batting - Pitching for Yakima Hops : RHP Steve Henryson
Batting: RHB Bogumil Tiwontschik 0-0: Ball
1-0: Fly out, F8 (Line Drive, 89S)
Batting: RHB Pat Lloyd 0-0: SINGLE (Groundball, 6MD)
Batting: RHB Pat Sizemore 0-0: Ball
1-0: Ball
2-0: Swinging Strike
2-1: Foul Ball, location: 2F
2-2: Foul Ball, location: 2F
2-2: Strikes out swinging
Batting: RHB Nelson Muntz 0-0: Called Strike
0-1: Called Strike
0-2: Ball
1-2: Ground out 5-3 (Groundball, 56S)
Bottom of the 2nd over - 0 runs, 1 hit, 0 errors, 1 left on base; Yakima 0 - Belvedere Park 0
TOP OF THE 3RD
Yakima Hops batting - Pitching for Belvedere Park Rawhides : RHP Sixto Soto
Batting: RHB Giuseppe Provolone 0-0: Called Strike
0-1: Ground out 6-3 (Groundball, 56)
Batting: LHB Frank Brinton 0-0: Ball
1-0: Called Strike
1-1: Ball
2-1: Bunted foul
2-2: Ground out 4-3 (Groundball, 4MS)
Batting: RHB Miracle Crimes 0-0: Ball
1-0: Ball
2-0: Called Strike
2-1: Ground out 4-3 (Groundball, 4)
Top of the 3rd over - 0 runs, 0 hits, 0 errors, 0 left on base; Yakima 0 - Belvedere Park 0
BOTTOM OF THE 3RD
Belvedere Park Rawhides batting - Pitching for Yakima Hops : RHP Steve Henryson
Batting: RHB Min-gook Ch'oe 0-0: Called Strike
0-1: Fly out, F3 (Popup, 3SF)
Batting: RHB Carlos Amaya 0-0: Fly out, F9 (Flyball, 89D)
Batting: LHB Seung-soo Ch'ae 0-0: Called Strike
0-1: Called Strike
0-2: Ball
1-2: Ground out 6-3 (Groundball, 6S)
Bottom of the 3rd over - 0 runs, 0 hits, 0 errors, 0 left on base; Yakima 0 - Belvedere Park 0
TOP OF THE 4TH
Yakima Hops batting - Pitching for Belvedere Park Rawhides : RHP Sixto Soto
Batting: RHB Tom Woolever 0-0: Fly out, F7 (Flyball, 7)
Batting: RHB Bob Houghton 0-0: Ball
1-0: Called Strike
1-1: Ball
2-1: Fly out, F7 (Flyball, 7LM)
Batting: LHB Wulf Paauwe 0-0: Ground out U3 (Groundball, 3)
Top of the 4th over - 0 runs, 0 hits, 0 errors, 0 left on base; Yakima 0 - Belvedere Park 0
BOTTOM OF THE 4TH
Belvedere Park Rawhides batting - Pitching for Yakima Hops : RHP Steve Henryson
Batting: LHB Ken Gill 0-0: Called Strike
0-1: Swinging Strike
0-2: Ball
1-2: Ball
2-2: Ball
3-2: Strikes out swinging
Batting: RHB Jesús Recesvinto 0-0: Swinging Strike
0-1: Ball
1-1: Ball
2-1: Fly out, F2 (Popup, 2L)
Batting: RHB Bogumil Tiwontschik 0-0: Fly out, F2 (Popup, 23F)
Bottom of the 4th over - 0 runs, 0 hits, 0 errors, 0 left on base; Yakima 0 - Belvedere Park 0
TOP OF THE 5TH
Yakima Hops batting - Pitching for Belvedere Park Rawhides : RHP Sixto Soto
Batting: RHB Juan Alcocer 0-0: Called Strike
0-1: Ball
1-1: DOUBLE (Flyball, 78XD)
Batting: LHB Mo Wyndham 0-0: Called Strike
0-1: Fly out, F8 (Flyball, 8RS)
Batting: RHB Mikael Evangjeli 0-0: Ball
1-0: Called Strike
1-1: Swinging Strike
1-2: Ball
2-2: Strikes out looking
Batting: RHB Giuseppe Provolone 0-0: Ball
1-0: Foul Ball, location: 2F
1-1: Ball
2-1: Swinging Strike
2-2: Fly out, F3 (Flyball, 3D)
Top of the 5th over - 0 runs, 1 hit, 0 errors, 1 left on base; Yakima 0 - Belvedere Park 0
BOTTOM OF THE 5TH
Belvedere Park Rawhides batting - Pitching for Yakima Hops : RHP Steve Henryson
Batting: RHB Pat Lloyd 0-0: Swinging Strike
0-1: Ground out 5-3 (Groundball, 56)
Batting: RHB Pat Sizemore 0-0: Ball
1-0: Ball
2-0: Foul Ball, location: 2F
2-1: Fly out, F9 (Line Drive, 9S)
Batting: RHB Nelson Muntz 0-0: Fly out, F3 (Popup, 3S)
Bottom of the 5th over - 0 runs, 0 hits, 0 errors, 0 left on base; Yakima 0 - Belvedere Park 0
TOP OF THE 6TH
Yakima Hops batting - Pitching for Belvedere Park Rawhides : RHP Sixto Soto
Batting: LHB Frank Brinton 0-0: Called Strike
0-1: Ball
1-1: SINGLE (Line Drive, 9LS)
Batting: RHB Miracle Crimes 0-0: Ball
1-0: Sac Bunt - play at first, batter OUT! 3-4
Frank Brinton to second
Batting: RHB Tom Woolever 0-0: Intentional Walk
Batting: RHB Bob Houghton 0-0: Ground out 5-3 (Groundball, 56S)
Frank Brinton to third
Tom Woolever to second
Batting: LHB Wulf Paauwe 0-0: Ball
1-0: Ball
2-0: Swinging Strike
2-1: Ball
3-1: Called Strike
3-2: Ground out U3 (Groundball, 3L)
Top of the 6th over - 0 runs, 1 hit, 0 errors, 2 left on base; Yakima 0 - Belvedere Park 0
BOTTOM OF THE 6TH
Belvedere Park Rawhides batting - Pitching for Yakima Hops : RHP Steve Henryson
Batting: RHB Min-gook Ch'oe 0-0: Ball
1-0: Ball
2-0: Ball
3-0: Called Strike
3-1: Base on Balls
Batting: RHB Carlos Amaya 0-0: Called Strike
0-1: Ball
1-1: Foul Ball, location: 2F
1-2: Foul Ball, location: 2F
1-2: Ball
2-2: Foul Ball, location: 2F
2-2: Fly out, F3 (Line Drive, 34)
Batting: LHB Seung-soo Ch'ae 0-0: Called Strike
0-1: Foul Ball, location: 2F
0-2: Ball
1-2: Foul Ball, location: 2F
1-2: Fielders Choice at 2nd, 1-6 (Groundball, P)
Batting: LHB Ken Gill 0-0: Ball
Throwing error on steal attempt, E2
Seung-soo Ch'ae to third
1-0: Swinging Strike
1-1: Ball
2-1: Ground out 6-3 (Groundball, 6M)
Bottom of the 6th over - 0 runs, 0 hits, 1 error, 1 left on base; Yakima 0 - Belvedere Park 0
TOP OF THE 7TH
Yakima Hops batting - Pitching for Belvedere Park Rawhides : RHP Sixto Soto
Batting: RHB Juan Alcocer 0-0: SINGLE (Line Drive, 89M)
Batting: LHB Mo Wyndham 0-0: Bunt - Flyout! F1
Batting: RHB Mikael Evangjeli 0-0: Ball
1-0: Foul Ball, location: 2F
1-1: Ball
2-1: Grounds into double play, 6-4-3 (Groundball, 6)
Top of the 7th over - 0 runs, 1 hit, 0 errors, 0 left on base; Yakima 0 - Belvedere Park 0
BOTTOM OF THE 7TH
Belvedere Park Rawhides batting - Pitching for Yakima Hops : RHP Steve Henryson
Batting: RHB Jesús Recesvinto 0-0: Ball
1-0: Ball
2-0: Ground out 5-3 (Groundball, 56S)
Batting: RHB Bogumil Tiwontschik 0-0: Ball
1-0: Called Strike
1-1: Ball
2-1: SINGLE (Line Drive, 3)
Batting: RHB Pat Lloyd 0-0: Ball
Bogumil Tiwontschik steals 2nd base
1-0: Ball
2-0: Fly out, F7 (Flyball, 7D)
Runner from 2nd tags up, SAFE at 3rd, no throw
Batting: RHB Pat Sizemore 0-0: Ground out 4-3 (Groundball, 6M)
Bottom of the 7th over - 0 runs, 1 hit, 0 errors, 1 left on base; Yakima 0 - Belvedere Park 0
TOP OF THE 8TH
Yakima Hops batting - Pitching for Belvedere Park Rawhides : RHP Sixto Soto
Batting: RHB Giuseppe Provolone 0-0: Foul Ball, location: 2F
0-1: Ball
1-1: Swinging Strike
1-2: Ball
2-2: Strikes out swinging
Batting: LHB Frank Brinton 0-0: Foul Ball, location: 2F
0-1: Foul Ball, location: 2F
0-2: Ball
1-2: Ball
2-2: Strikes out swinging
Batting: RHB Miracle Crimes 0-0: Called Strike
0-1: Foul Ball, location: 2F
0-2: DOUBLE (Flyball, 8RD)
Batting: RHB Tom Woolever 0-0: Called Strike
0-1: Ground out 6-3 (Groundball, 6M)
Top of the 8th over - 0 runs, 1 hit, 0 errors, 1 left on base; Yakima 0 - Belvedere Park 0
BOTTOM OF THE 8TH
Belvedere Park Rawhides batting - Pitching for Yakima Hops : RHP Steve Henryson
Batting: RHB Nelson Muntz 0-0: Ball
1-0: Fly out, F5 (Popup, 5F)
Batting: RHB Min-gook Ch'oe 0-0: Ball
1-0: Ball
2-0: Called Strike
2-1: Called Strike
2-2: Ground out 6-3 (Groundball, 6)
Pinch Hitting: RHB Domingo Trujillo 0-0: Ball
1-0: Ball
2-0: Foul Ball, location: 2F
2-1: Foul Ball, location: 2F
2-2: Strikes out swinging, 2-3 out at first.
Bottom of the 8th over - 0 runs, 0 hits, 0 errors, 0 left on base; Yakima 0 - Belvedere Park 0
TOP OF THE 9TH
Yakima Hops batting - Pitching for Belvedere Park Rawhides : RHP Sixto Soto
Now at 1B: Domingo Trujillo
Batting: RHB Bob Houghton 0-0: Ball
1-0: Foul Ball, location: 2F
1-1: Ball
2-1: Ball
3-1: Called Strike
3-2: Foul Ball, location: 2F
3-2: Foul Ball, location: 2F
3-2: Base on Balls
Pitching: LHP Billy Brooks
Pinch Hitting: RHB Gérard Chesnutt 0-0: Fly out, F9 (Flyball, 89S)
Batting: RHB Juan Alcocer 0-0: Called Strike
0-1: Ball
1-1: Called Strike
1-2: SINGLE (Groundball, 6MD)
Bob Houghton to second
Runner from 2nd tries for 3rd, SAFE, no throw
Batting: LHB Mo Wyndham 0-0: Called Strike
0-1: Foul Ball, location: 2F
0-2: Ball
1-2: DOUBLE (Line Drive, 78D)
Bob Houghton scores
Juan Alcocer to third
Runner from 3rd tries for Home, SAFE, no throw
Batting: RHB Mikael Evangjeli 0-0: Ball
1-0: SINGLE (Flyball, 7S)
Mo Wyndham to third
Batting: RHB Giuseppe Provolone 0-0: Ball
1-0: Foul Ball, location: 2F
1-1: Called Strike
1-2: Strikes out swinging
Mikael Evangjeli steals 2nd base
Batter strikes out.
Batting: LHB Frank Brinton 0-0: SINGLE (Line Drive, 7S)
Mo Wyndham scores
Mikael Evangjeli to third
Runner from 3rd tries for Home, SAFE, no throw
Pitching: RHP Arturio Sandolva
Batting: RHB Miracle Crimes 0-0: Called Strike
0-1: Ball
Frank Brinton steals 2nd base
1-1: Called Strike
1-2: Ball
2-2: Ball
3-2: Foul Ball, location: 2F
3-2: Base on Balls
Batting: RHB Tom Woolever 0-0: Foul Ball, location: 2F
0-1: Foul Ball, location: 2F
0-2: Ball
1-2: Strikes out looking
Top of the 9th over - 4 runs, 4 hits, 0 errors, 2 left on base; Yakima 4 - Belvedere Park 0
BOTTOM OF THE 9TH
Belvedere Park Rawhides batting - Pitching for Yakima Hops : RHP Steve Henryson
Pitching: RHP Akinori Yamauchi
Now at 1B: Gérard Chesnutt
Batting: LHB Seung-soo Ch'ae 0-0: Called Strike
0-1: Swinging Strike
0-2: Strikes out looking
Batting: LHB Ken Gill 0-0: Ball
1-0: Foul Ball, location: 2F
1-1: Swinging Strike
1-2: Ball
2-2: Ball
3-2: Strikes out looking
Batting: RHB Jesús Recesvinto 0-0: Called Strike
0-1: Ball
1-1: Ball
2-1: Ball
3-1: Base on Balls
Batting: RHB Bogumil Tiwontschik 0-0: Foul Ball, location: 2F
0-1: SINGLE (Groundball, 56D)
Jesús Recesvinto to second
Pitching: RHP Pedro Rodríguez
Batting: RHB Pat Lloyd 0-0: Ball
1-0: Ball
2-0: Ball
3-0: Called Strike
3-1: Fielders Choice at 2nd, 6-4 (Groundball, 6D)
Bottom of the 9th over - 0 runs, 1 hit, 0 errors, 2 left on base; Yakima 4 - Belvedere Park 0
Saturday, December 22nd, 2018 - OOTP Baseball 18.8 Build 76